 Dungeon Crawl Stone Soup version 0.28-a0-1087-gf3fc490d9d (webtiles) character file.

Game seed: 7491005808324778542

57470 Snarg the Covert (level 14, -7/72 (75) HPs)
             Began as a Vine Stalker Brigand on Dec 8, 2021.
             Was a Believer of Uskayaw.
             Killed by divine providence
             ... invoked by an orc priest
              (13 damage)
             ... on level 2 of the Orcish Mines on Dec 11, 2021.
             The game lasted 03:05:41 (20517 turns).

Snarg the Covert (Vine Stalker Brigand)            Turns: 20517, Time: 03:05:41

HP:   -7/72 (75)    AC: 10    Str: 14    XL:     14   Next: 86%
MP:   0/34          EV: 17    Int: 11    God:    Uskayaw [**....]
Gold: 1351          SH:  0    Dex: 21    Spells: 14/27 levels left

rFire   x . .      SeeInvis +   e - +2 dagger (vamp)
rCold   + . .      Faith    .   (no shield)
rNeg    . . .      Spirit   +   D - +0 troll leather armour
rPois   +          Reflect  .   (no helmet)
rElec   .          Harm     .   U - +2 cloak "Natiopnu" {Regen+ SInv}
rCorr   .          Rampage  .   (no gloves)
Will    ++...                   w - +1 pair of boots
Stlth   +++++.....              B - amulet of the acrobat
HPRegen 2.62/turn               E - ring of magical power
MPRegen 0.24/turn               q - ring of the Cuttlefish {Ice +Blink rPois Will+}

@: wereblooded, studying Long Blades, lightly drained
A: fangs 3, regeneration 1, magic shield, antimagic bite, no potion heal 2
a: Renounce Religion, Evoke Blink, Stomp, Line Pass


You were on level 2 of the Orcish Mines.
You worshipped Uskayaw.
Uskayaw was aware of your devotion.
You visited 4 branches of the dungeon, and saw 22 of its levels.
You also visited: Sewer and Volcano.

You collected 1519 gold pieces.
You spent 168 gold pieces at shops.

Inventory:

Hand Weapons
 a - the +6 dagger of the Magi {vorpal, Dex+3}
   (You bought it in a shop on level 4 of the Dungeon)

   It inflicts extra damage upon your enemies.
   Dex:       It affects your dexterity (+3).
 b - a +2 short sword of freezing
 e - a +2 vampiric dagger (weapon)
 m - a +2 scimitar of flaming
 J - a +2 dagger of venom
 X - a +2 hand axe of freezing
Missiles
 d - 45 poisoned darts
 f - 374 stones (quivered)
 y - 2 javelins
 C - 5 atropa-tipped darts
 F - a curare-tipped dart
 S - 5 silver boomerangs
 V - 2 boomerangs
Armour
 i - a scarf of repulsion
 w - a +1 pair of boots (worn)
 D - a +0 troll leather armour (worn)
 P - a +2 kite shield
 U - the +2 cloak "Natiopnu" (worn) {Regen+ SInv}
   (You found it on level 12 of the Dungeon)

   SInv:      It lets you see invisible.
   Regen:     It increases your rate of health regeneration.
 Z - a +0 scale mail of cold resistance
Jewellery
 c - the ring "Foefeaf" {Fly rF++ Str-2}
   (You acquired it on level 9 of the Dungeon)

   [ring of flight]

   Str:       It affects your strength (-2).
   rF:        It greatly protects you from fire.
   Fly:       It grants you flight.
 q - the ring of the Cuttlefish (right hand) {Ice +Blink rPois Will+}
   (You acquired it on level 3 of the Lair of Beasts)

   [ring of ice]

   It enhances your ice magic.
   rF:        It makes you vulnerable to fire.
   rC:        It protects you from cold.
   rPois:     It protects you from poison.
   +Blink:    It lets you blink.
   Will:      It increases your willpower.
 B - an amulet of the acrobat (around neck)
 E - a ring of magical power (left hand)
Wands
 h - a wand of mindburst (13)
 j - a wand of iceblast (10)
 z - a wand of paralysis (4)
 I - a wand of flame (45)
 L - a wand of acid (5)
 M - a wand of polymorph (5)
 T - a wand of digging (5)
Scrolls
 g - a scroll of vulnerability
 k - 3 scrolls of teleportation
 r - 2 scrolls of blinking
 s - a scroll of holy word
 u - 3 scrolls of immolation
 K - 2 scrolls of fog
Potions
 n - 2 potions of flight
 p - 3 potions of attraction
 t - 4 potions of curing
 v - a potion of magic
 x - a potion of might
 A - 2 potions of mutation
 G - a potion of brilliance
 H - 2 potions of ambrosia
 O - a potion of haste
Miscellaneous
 N - a lightning rod (4/4)


   Skills:
 + Level 9.6 Fighting
 - Level 10.0 Short Blades
 - Level 6.0 Throwing
 * Level 5.3 Armour
 + Level 7.4 Dodging
 - Level 11.0 Stealth
 - Level 2.2 Shields
 + Level 7.3 Spellcasting
 - Level 2.0 Conjurations
 - Level 2.0 Necromancy
 - Level 5.0 Transmutations
 - Level 5.0 Air Magic
 - Level 2.0 Poison Magic
 * Level 9.5 Invocations
 + Level 5.2 Evocations


You had 14 spell levels left.
You knew the following spells:

 Your Spells              Type           Power      Damage    Failure   Level
a - Beastly Appendage     Tmut           30%        N/A       2%          1
b - Wereblood             Tmut           15%        N/A       4%          2
c - Swiftness             Air            15%        N/A       9%          3
d - Shock                 Conj/Air       44%        1d5       4%          1
e - Corpse Rot            Necr/Air       22%        N/A       8%          2
f - Poisonous Vapours     Pois/Air       22%        N/A       8%          2
g - Static Discharge      Conj/Air       11%        N/A       8%          2

Your spell library contained the following spells:

 Spells                   Type           Power      Damage    Failure   Level
 Animate Skeleton         Necr           16%        N/A       10%         1
 Pain                     Necr           32%        1d5       10%         1
 Spider Form              Tmut/Pois      11%        N/A       16%         3
 Airstrike                Air            7%         N/A       26%         4
 Call Canine Familiar     Summ           4%         N/A       54%         3
 Frozen Ramparts          Ice            12%        1d3       54%         3
 Gell's Gravitas          Tloc           4%         N/A       54%         3
 Lesser Beckoning         Tloc           4%         N/A       54%         3
 Portal Projectile        Hex/Tloc       8%         N/A       54%         3
 Teleport Other           Tloc           4%         N/A       54%         3
 Ice Form                 Ice/Tmut       14%        N/A       58%         4
 Lightning Bolt           Conj/Air       5%         1d17      80%         5
 Leda's Liquefaction      Hex/Erth       2%         N/A       91%         4
 Summon Ice Beast         Ice/Summ       6%         N/A       91%         4
 Summon Forest            Summ/Tloc      2%         N/A       99%         5
 Eringya's Noxious Bog    Tmut/Pois      5%         N/A       100%        6
 Malign Gateway           Summ/Tloc      2%         N/A       100%        7
 Summon Hydra             Summ           2%         N/A       100%        7
 Maxwell's Capacitive Co  Air            7%         ∞         100%        8
 Summon Horrible Things   Summ           2%         N/A       100%        8


Dungeon Overview and Level Annotations

Branches:
Dungeon (13/15)            Temple (1/1) D:4            Lair (6/6) D:8
 Shoals (0/4) Lair:2       Spider (0/4) Lair:4        Slime (0/5) Lair:5
    Orc (2/2) D:9             Elf (0/3) Orc:2         Sewer (visited)
Volcano (visited)
 Vaults: D:13-14

Altars:
Elyvilon
Kikubaaqudgha
Makhleb
Nemelex Xobeh
Trog
Uskayaw
Vehumet
Wu Jian

Shops:
D:4 (   Orc:2 (*

Portals:
Hell: Lair:6

Annotations:
D:1 clr
D:2 exclusion: hobgoblin, Sigmund
D:3 clr
D:4 clr, flame vault, gold
D:5 clr
D:7 clr
D:9 clr, 1 exclusion
D:10 clr
D:11 Harold
D:13 exclusion: ugly thing, Rupert
Lair:1 clr
Lair:2 clr
Lair:3 clr
Lair:4 clr
Lair:6 Snorg


Innate Abilities, Weirdness & Mutations

You have razor-sharp teeth.
Your natural rate of healing is unusually fast.
When hurt, damage is shared between your health and your magic reserves.
Your bite disrupts and absorbs the magic of your enemies.
Potions cannot restore your health.


Message History

You can now pass through a line of other dancers.
You hit the orc high priest.
You feel better.
The orc high priest is almost dead.
The orc priest seems less confused.
The sixfirhy misses you. x2
The sixfirhy hits you! The sixfirhy shocks you!
The orc high priest hits you but does no damage.
The sixfirhy misses you.
Unknown command.
Unknown command.
You hit the orc high priest.
The orc high priest is almost dead.
The sixfirhy seems less confused.
The sixfirhy disappears in a puff of smoke!
The sixfirhy closely misses you. The sixfirhy hits you.
The sixfirhy shocks you!
The orc priest begins to cast a cantrip, but forgets the words!
Unknown command.
Unknown command.
You hit the orc high priest but do no damage.
You bite the orc high priest. You drain its power.
You feel invigorated.
The orc high priest is almost dead.
The sixfirhy hits you!
* * * LOW HITPOINT WARNING * * *
The sixfirhy shocks you!
* * * LOW HITPOINT WARNING * * *
The sixfirhy misses you.
The orc high priest hits you with a +2 glaive of protection!
* * * LOW HITPOINT WARNING * * *
The orc priest barely misses the orc high priest.
Unknown command.
Unknown command.
Unknown command.
You hit the orc high priest.
The orc high priest is almost dead.
Blink to where?
Press: ? - help, Dir - move target
As you read the scroll of blinking, it crumbles to dust.
The orc priest mumbles some strange prayers to Beogh against you.
Beogh smites you!
You die...

#.#.# ....# ####
.....#..... ##.........
.... . ##........######..#
....#......#..#∩...#..# #
..........#...#....#..###.#
...##.....@...#.ooo#.......
.....###......###3##.).....
.#............))§o.ooo.8...
..............###o##.......
..............#...)#..###'#
...#.o........#....#..#
..............#....#..#
................#∩...#..#
.........o......######..#


You could see an orc high priest and 2 orc priests.

Vanquished Creatures
  Gastronok (Lair:3)
  A dire elephant (Lair:6)
  5 boulder beetles
  7 hydras
  Erica (Lair:2)
  A centaur warrior (D:9)
  2 catoblepae (Lair:6)
  3 two-headed ogres
  5 death yaks
  2 orc high priests (Orc:2)
  A sun demon (Lair:6)
  A deep elf knight (D:9)
  Pikel (D:7)
  A wizard (Lair:6)
  An orc knight (Orc:1)
  2 manticores (D:13)
  3 cyclopes
  4 elephants (Lair:3)
  4 orange demons (Lair:6)
  3 black mambas
  Maurice (D:8)
  2 rime drakes
  A torpor snail (Lair:4)
  An unseen horror (D:12)
  14 cane toads
  12 komodo dragons
  An ice devil (Lair:6)
  A hellwing (Lair:6)
  A hornet (D:10)
  2 polar bears
  6 trolls
  10 blink frogs
  A redback (Lair:4)
  A shadow (D:11)
  A wraith (D:9)
  50 yaks
  9 basilisks
  2 steam dragons
  7 wargs
  Menkaure (D:6)
  6 hell hounds
  Duvessa (D:6)
  16 water moccasins
  8 orc warriors
  2 black bears
  An ice beast (D:7)
  A black bear (shapeshifter) (D:13)
  2 necrophages
  4 sky beasts
  6 ogres
  A boggart (D:9)
  14 wolves
  A centaur (D:5)
  3 lemures
  5 kobold brigands
  6 bullfrogs
  3 phantoms
  A scorpion (D:7)
  Dowan (D:6)
  17 killer bees
  5 wights (D:8)
  3 electric eels
  A howler monkey (D:9)
  6 centaur zombies (D:9)
  A gnoll shaman (D:7)
  19 orc priests
  3 hounds
  5 jellies
  A bullfrog skeleton (D:6)
  A centaur skeleton (D:7)
  2 iguanas (D:6)
  16 orc wizards
  6 hell rats (Lair:2)
  2 killer bee zombies (D:5)
  A hound zombie (D:3)
  A hound skeleton (D:5)
  4 howler monkey zombies
  5 gnolls (D:7)
  2 howler monkey skeletons
  6 adders
  4 river rats
  2 worms
  3 dart slugs
  51 orcs
  12 endoplasms
  6 goblins
  9 hobgoblins
  8 jackals
  19 kobolds
  4 quokkas
  7 ball pythons
  3 bats
  4 frilled lizards
  7 rats
501 creatures vanquished.

Vanquished Creatures (others)
  A bush (Lair:3)
  17 fungi
  36 plants
54 creatures vanquished.

Grand Total: 555 creatures vanquished

Notes
Turn   | Place    | Note
-------+----------+-------------------------------------------
     0 | D:1      | Snarg the Vine Stalker Brigand began the quest for the Orb.
     0 | D:1      | Reached XP level 1. HP: 11/11 MP: 2/2
   384 | D:1      | Reached skill level 1 in Spellcasting
   384 | D:1      | Reached XP level 2. HP: 15/15 MP: 4/4
   481 | D:1      | Reached skill level 5 in Stealth
   872 | D:1      | Learned a level 1 spell: Beastly Appendage
   875 | D:1      | Learned a level 2 spell: Wereblood
  1057 | D:1      | Reached XP level 3. HP: 18/18 MP: 5/5
  1362 | D:2      | Noticed Sigmund
  1485 | D:2      | Reached skill level 1 in Dodging
  1548 | D:2      | Gained mutation: Your natural rate of healing is unusually
                  | fast. [Vine Stalker growth]
  1548 | D:2      | Reached XP level 4. HP: 21/23 MP: 7/7
  1747 | D:2      | Noticed an ogre
  1761 | D:2      | Killed an ogre
  1762 | D:2      | Reached skill level 1 in Transmutations
  1762 | D:2      | Reached XP level 5. HP: 26/26 MP: 8/8
  2116 | D:3      | Found a glowing drain.
  2201 | Sewer    | Entered a sewer
  2288 | Sewer    | Noticed a kobold brigand
  2325 | Sewer    | Killed a kobold brigand
  2326 | Sewer    | Reached XP level 6. HP: 24/30 MP: 7/10
  2391 | Sewer    | Found a white marble altar of Elyvilon.
  3287 | D:4      | Reached XP level 7. HP: 25/35 MP: 9/11
  3427 | D:4      | Found Zuiral's Antique Weapon Shop.
  3459 | D:4      | Found a staircase to the Ecumenical Temple.
  3891 | D:4      | Found a sparkling altar of Nemelex Xobeh.
  4106 | D:5      | Entered Level 5 of the Dungeon
  4180 | D:5      | Reached skill level 6 in Stealth
  4184 | D:5      | Gained mutation: You have razor-sharp teeth. [Vine Stalker
                  | growth]
  4184 | D:5      | Reached XP level 8. HP: 35/39 MP: 12/12
  4188 | D:5      | Reached skill level 5 in Short Blades
  4697 | D:6      | Noticed Menkaure
  4924 | D:6      | Noticed a troll
  4941 | D:6      | Killed a troll
  4942 | D:6      | Reached XP level 9. HP: 24/44 MP: 8/14
  5105 | D:6      | Killed Menkaure
  5316 | D:4      | Bought a bone dagger for 168 gold pieces
  5316 | D:4      | Identified the +6 dagger of the Magi {vorpal, Dex+3} (You
                  | bought it in a shop on level 4 of the Dungeon)
  5339 | Temple   | Entered the Ecumenical Temple
  5348 | Temple   | Became a worshipper of Uskayaw the Reveller
  5433 | D:6      | Noticed Duvessa
  5435 | D:6      | Noticed Dowan
  5436 | D:6      | Killed Duvessa
  5436 | D:6      | Reached * piety under Uskayaw
  5439 | D:6      | Reached ** piety under Uskayaw
  5440 | D:6      | Killed Dowan
  6214 | D:7      | Reached *** piety under Uskayaw
  6363 | D:7      | Reached skill level 5 in Dodging
  6374 | D:7      | Reached **** piety under Uskayaw
  6381 | D:7      | Reached ***** piety under Uskayaw
  6570 | D:7      | Noticed Pikel
  6585 | D:7      | Killed Pikel
  6586 | D:7      | Reached skill level 1 in Invocations
  6586 | D:7      | Reached XP level 10. HP: 49/49 MP: 16/16
  7076 | D:8      | Upgraded the game from 0.28-a0-1033-g1a2f33fa85 to
                  | 0.28-a0-1038-g9c4cb8273d
  7090 | D:8      | Noticed a cyclops
  7606 | D:8      | Found a staircase to the Lair.
  7966 | Lair:1   | Entered Level 1 of the Lair of Beasts
  7982 | Lair:1   | Noticed an eight-headed hydra
  8049 | Lair:1   | Found a dark tunnel.
  8070 | Volcano  | Entered a volcano
  8155 | Volcano  | Noticed a hell hog
  8165 | Volcano  | HP: 2/49 [hell hound/blast of flame (22)]
  8207 | Volcano  | Noticed a fire dragon
  8414 | Lair:1   | Noticed a cane toad
  8414 | Lair:1   | Noticed a cane toad
  8673 | Lair:1   | Noticed a cane toad
  8714 | Lair:1   | Killed a cane toad
  8758 | Lair:1   | Killed a cane toad
  8759 | Lair:1   | Reached skill level 5 in Transmutations
  8766 | Lair:1   | Killed a cane toad
  8767 | Lair:1   | Reached skill level 7 in Stealth
  8767 | Lair:1   | Reached XP level 11. HP: 52/52 MP: 18/18
  8779 | Lair:1   | Killed an eight-headed hydra
  8780 | Lair:1   | Reached skill level 5 in Invocations
  9510 | D:9      | Noticed a two-headed ogre
  9587 | Lair:2   | Reached skill level 1 in Armour
  9599 | Lair:2   | Noticed Erica
  9601 | Lair:2   | Killed Erica
  9602 | Lair:2   | Reached skill level 10 in Short Blades
  9764 | Lair:2   | Found a staircase to the Shoals.
  9779 | Lair:2   | You fall into a shaft and drop 1 floor!
 10077 | Lair:2   | Identified the +1 chain mail "Qiud" {rPois rF- rC- SInv}
 10652 | Lair:3   | Reached skill level 5 in Fighting
 10678 | Lair:3   | Noticed a boulder beetle
 10708 | Lair:3   | Killed a boulder beetle
 10745 | Lair:3   | Reached skill level 5 in Spellcasting
 10749 | Lair:3   | Reached skill level 8 in Stealth
 10752 | Lair:3   | Reached XP level 12. HP: 61/61 MP: 20/20
 10753 | Lair:3   | Reached ****** piety under Uskayaw
 11019 | Lair:3   | Noticed Gastronok
 11358 | Lair:3   | Killed Gastronok
 11547 | Lair:3   | Identified a scroll of acquirement
 11548 | Lair:3   | Acquired the ring of the Cuttlefish {Ice +Blink rPois
                  | Will+}
 11807 | Lair:4   | Found a hole to the Spider Nest.
 11862 | Lair:4   | Noticed a five-headed hydra
 11871 | Lair:4   | Killed a five-headed hydra
 11872 | Lair:4   | Reached skill level 1 in Evocations
 12023 | Lair:4   | Reached skill level 5 in Armour
 12118 | Lair:4   | Learned a level 3 spell: Swiftness
 12129 | Lair:4   | Noticed a death yak
 12136 | Lair:4   | Noticed a death yak
 12143 | Lair:4   | Noticed a death yak
 12146 | Lair:4   | Noticed a death yak
 12149 | Lair:4   | Killed a death yak
 12162 | Lair:4   | Noticed a death yak
 12179 | Lair:3   | Killed a death yak
 12180 | Lair:3   | Reached skill level 9 in Stealth
 12180 | Lair:3   | Reached skill level 1 in Air Magic
 12350 | Lair:4   | Reached XP level 13. HP: 68/68 MP: 21/21
 12979 | Lair:5   | Upgraded the game from 0.28-a0-1038-g9c4cb8273d to
                  | 0.28-a0-1087-gf3fc490d9d
 13065 | Lair:5   | Reached skill level 5 in Throwing
 13293 | Lair:5   | Found a staircase to the Slime Pits.
 13828 | Lair:6   | Entered Level 6 of the Lair of Beasts
 13886 | Lair:6   | Reached skill level 10 in Stealth
 13953 | Lair:6   | Found an ornate altar of the Wu Jian Council.
 13953 | Lair:6   | Found a hide-covered altar of Uskayaw.
 14336 | Lair:6   | Noticed Snorg
 14774 | Lair:6   | Noticed a dire elephant
 14828 | Lair:6   | Killed a dire elephant
 14978 | Lair:6   | Reached XP level 14. HP: 75/75 MP: 24/24
 15122 | Lair:6   | Reached skill level 5 in Evocations
 15136 | Lair:6   | Found a burning altar of Makhleb.
 15293 | Lair:6   | Reached skill level 1 in Shields
 15343 | Lair:6   | Found a gateway to Hell.
 16079 | D:9      | Found a staircase to the Orcish Mines.
 16334 | Orc:1    | Entered Level 1 of the Orcish Mines
 16441 | D:9      | Got Edghoel's Grimoire of Stolen Souls
 16444 | D:9      | Learned a level 1 spell: Shock
 16447 | D:9      | Learned a level 2 spell: Corpse Rot
 16450 | D:9      | Learned a level 2 spell: Poisonous Vapours
 16955 | D:9      | Acquired the ring "Foefeaf" {Fly rF++ Str-2}
 16963 | D:10     | Entered Level 10 of the Dungeon
 17162 | D:10     | Learned a level 2 spell: Static Discharge
 17496 | D:10     | You fall into a shaft and drop 3 floors!
 17575 | D:13     | Noticed Rupert
 17607 | D:13     | Reached skill level 1 in Conjurations
 17607 | D:13     | Reached skill level 1 in Necromancy
 17620 | D:13     | Reached skill level 1 in Poison Magic
 17780 | D:12     | Identified the +2 cloak "Natiopnu" {Regen+ SInv}
 18172 | D:10     | Reached skill level 11 in Stealth
 18320 | D:9      | Reached skill level 5 in Air Magic
 18458 | D:9      | Identified the +1 helmet of the Great Game {Harm rPois
                  | Int-2}
 18508 | D:9      | Identified the +1 scale mail of Xetuegga {Harm +Inv Int+4}
 19217 | D:11     | Found a hide-covered altar of Uskayaw.
 19375 | D:11     | Noticed Harold
 19618 | D:8      | Noticed Maurice
 19634 | D:8      | Killed Maurice
 19944 | Orc:2    | Entered Level 2 of the Orcish Mines
 19962 | Orc:2    | Found a staircase to the Elven Halls.
 20474 | Orc:2    | Found Aronkeqi's Assorted Antiques.
 20474 | Orc:2    | Found Raokag's Antique Weapon Boutique.
 20515 | Orc:2    | HP: 2/72 [orc high priest (9)]
 20517 | Orc:2    | Killed from afar by an orc priest

Illustrated notes

Levels and vault maps discovered:
D:1:      minmay_arrival_shattered_statue, layout_loops_cross
D:2:      layout_rooms, uniq_sigmund
D:3:      layout_basic, serial_corexii_hall, corexii_hall_statues_x,
          corexii_hall_statues_deadend, cheibrodos_sewer_entry_sluice
D:4:      layout_basic, kennysheep_mini_moat,
          minmay_temple_entry_drinking_statues, serial_shops,
          nicolae_shop_hallway_plus, lemuel_flame_loot_1
D:5:      layout_rooms, grunt_ministairs_13
D:6:      layout_loops_cross, uniq_duvessa, uniq_menkaure
D:7:      layout_gridville, serial_bayou_ford_a, uniq_pikel
D:8:      layout_basic, david_lair_shrubbed, minmay_manual_moon, uniq_maurice
D:9:      nzn_winding_woodlands_large [nzn_winding_woodlands_5x5_perimeter,
          nzn_winding_woodlands_5x15_concentric,
          nzn_winding_woodlands_5x5_checkerboard,
          nzn_winding_woodlands_center_diamonds,
          nzn_winding_woodlands_15x15_eel_pit,
          nzn_winding_woodlands_center_pierced_h,
          nzn_winding_woodlands_5x5_open_star,
          nzn_winding_woodlands_5x15_crooked, nzn_winding_woodlands_5x5_cross],
          layout_basic, orc_0_dummy
D:10:     layout_grid_maze
D:11:     layout_basic, serial_shops, shop, shop, nicolae_shop_waterfront, shop,
          eat_drink_and_be_merry_uskayaw, uniq_harold
D:12:     layout_loops_ring, nzn_life_drinkers
D:13:     layout_rooms, hangedman_vaults_entry_quadrant_bands, uniq_rupert
Temple:   nicolae_temple_the_god_donut
Lair:1:   layout_gridlike, enter_volcano_2, pond
Lair:2:   layout_cellular_growth, shoals_dummy_entry, uniq_erica
Lair:3:   layout_cave_pods, kennysheep_basilisk_garden, grunt_megastairs_5,
          uniq_gastronok
Lair:4:   layout_loops_ring, spider_nest_entry_webs, grunt_megastairs_2,
          serial_bayou_shore_b
Lair:5:   layout_regular_city, nicolae_slime_entry_slimehenge
Lair:6:   evil_forest, layout_gridlike, nzn_masters_of_martial_movement,
          uniq_snorg
Orc:1:    layout_caves
Orc:2:    st_orc_town, layout_diamond_mine

Skill      XL: |  1  2  3  4  5  6  7  8  9 10 11 12 13 14 |
---------------+-------------------------------------------+-----
Throwing       | 2 3 4 5 6 |  6.0
Spellcasting   | 1 2 3 4 5 6 7 |  7.3
Stealth        | 5 6 7 8 9 10 11 | 11.0
Short Blades   | 2 3 4 7 8 9 10 | 10.0
Fighting       | 2 3 6 8 9 |  9.6
Dodging        | 1 2 3 5 6 7 |  7.4
Transmutations | 1 2 3 5 |  5.0
Invocations    | 1 4 5 6 8 9 |  9.5
Armour         | 3 5 |  5.3
Evocations     | 3 4 5 |  5.2
Air Magic      | 2 4 5 |  5.0
Shields        | 2 |  2.2
Conjurations   | 2 |  2.0
Necromancy     | 2 |  2.0
Poison Magic   | 2 |  2.0

Action                   |  1- 3 |  4- 6 |  7- 9 | 10-12 | 13-15 || total
-------------------------+-------+-------+-------+-------+-------++-------
Melee: Dagger            |    81 |   109 |   233 |   375 |   717 ||  1515
       Bite              |    20 |    23 |    76 |   151 |   322 ||   592
       Headbutt          |     1 |     7 |    25 |    78 |    48 ||   159
       Kick              |       |     7 |    33 |   100 |    71 ||   211
Throw: Stone             |    38 |     3 |    60 |    59 |   155 ||   315
       Dart              |     2 |    17 |    55 |    53 |    25 ||   152
       Javelin           |       |       |     1 |     2 |     2 ||     5
       Boomerang         |       |       |       |       |     9 ||     9
 Cast: Beastly Appendage |     1 |     5 |    13 |    21 |    24 ||    64
       Wereblood         |       |       |     5 |     9 |     8 ||    22
       Shock             |       |       |       |       |     8 ||     8
       Poisonous Vapours |       |       |       |       |     5 ||     5
       Swiftness         |       |       |       |       |     1 ||     1
Invok: Line Pass         |       |       |     3 |    27 |    54 ||    84
       Stomp             |       |       |       |     1 |       ||     1
Evoke: Wand              |       |       |     5 |    10 |    34 ||    49
       Lightning rod     |       |       |       |       |     4 ||     4
  Use: Scroll            |       |     7 |     8 |    12 |    11 ||    38
       Potion            |       |     3 |     1 |     3 |       ||     7
 Stab: Sleeping          |     5 |     4 |     9 |     7 |     7 ||    32
       Fleeing           |       |     1 |       |       |       ||     1
       Paralysed         |       |       |     2 |    26 |    47 ||    75
       Confused          |       |       |     2 |    12 |    31 ||    45
       Invisible         |       |       |       |     1 |       ||     1
       Distracted        |       |       |       |       |     2 ||     2
Armor: Robe              |     8 |       |       |       |       ||     8
       Leather armour    |    10 |    17 |    22 |       |       ||    49
       Skin              |       |    16 |       |       |       ||    16
       Troll leather arm |       |       |    17 |    62 |    93 ||   172
Dodge: Dodged            |    45 |    49 |   127 |   203 |   380 ||   804

Table legend: (Time is in decaauts)
 A = Elapsed time spent in this place.
 B = Non-inter-level travel time spent in this place.
 C = Inter-level travel time spent in this place.
 D = Time resting spent in this place.
 E = Time spent auto-exploring this place.
 F = Levels seen in this place.
 G = Mean time per level.
                   A        B        C        D        E       F      G
               +--------+--------+--------+--------+--------+-----+--------+
         Total |  19942 |  17197 |   2745 |   1256 |  10094 |  24 |  830.9 |
       Dungeon |  11466 |   9713 |   1753 |    626 |   5982 |  13 |  882.0 |
        Temple |     15 |     10 |      5 |      0 |      3 |   1 |   15.0 |
          Lair |   7323 |   6415 |    908 |    495 |   3845 |   6 | 1220.5 |
  Orcish Mines |    623 |    545 |     78 |     85 |    159 |   2 |  311.5 |
         Sewer |    372 |    372 |      0 |     50 |     92 |   1 |  372.0 |
       Volcano |    140 |    140 |      0 |      0 |     13 |   1 |  140.0 |
               +--------+--------+--------+--------+--------+-----+--------+

Top non-repeatable levels by time:
     D:9: 1771 daAuts
  Lair:6: 1597 daAuts
  Lair:1: 1539 daAuts
     D:8: 1436 daAuts
     D:1: 1355 daAuts
  Lair:3: 1301 daAuts
     D:7: 1097 daAuts
    D:10: 1062 daAuts
     D:4: 1051 daAuts
  Lair:4: 1000 daAuts
  Lair:2: 988 daAuts
     D:6: 920 daAuts
  Lair:5: 896 daAuts
     D:2: 779 daAuts
     D:5: 745 daAuts
